Map: Apotheosis LE

Players

krek

  • Race: Zerg Zerg
  • League: Silver
  • Spawn Location: 11:00

Fropez - Winner!

  • Race: Protoss Protoss
  • League: Gold
  • Spawn Location: 5:00

VOD

Have the link to the VOD?

Description

Time

  • Played on: Sept. 19, 2016, 11:09 a.m.
  • Length: 17:50
Show
View Real Time Build Order
Export as new Build Order

krek Zerg 

Build Orders: 3 Hatch before Pool, Lurkers 

Get SALT Encoding   

  12  0:15  Drone x2  
  14  0:30  Overlord x2  
  14  0:55  Drone  
  14  0:56  Drone  
  16  1:18  Drone x2  
  18  1:24  Hatchery  
  17  1:42  Drone x2  
  17  1:43  Drone  
  20  1:48  Extractor  
  19  1:55  Hatchery  
  18  2:08  Extractor  
  17  2:28  Drone x3  
  20  2:35  Spawning Pool  
  19  2:37  Drone  
  20  2:55  Drone x3  
  23  3:05  Drone  
  23  3:06  Drone  
  25  3:22  Zergling x2  
  25  3:23  Zergling x4  
  28  3:30  Zergling x2  
  29  3:36  Zergling x2  
  30  3:44  Zergling x4  
  31  3:49  Spore Crawler  
  31  3:50  Zergling x2  
  31  3:51  Zergling x2  
  28  4:02  Zergling x6  
  29  4:22  Queen  
  31  4:24  Metabolic Boost  
  31  4:30  Drone x2  
  33  4:31  Drone  
  34  4:43  Spore Crawler  
  22  5:02  Drone x6  
  22  5:03  Drone x3  
  26  5:21  Roach Warren  
  24  5:23  Drone x2  
  26  5:34  Drone x4  
  27  5:45  Zergling x6  
  30  5:56  Queen  
  30  6:03  Zergling x6  
  30  6:04  Zergling x6  
  34  6:12  Zergling x2  
  34  6:13  Zergling x4  
  33  6:19  Roach x2  
  33  6:20  Roach  
  33  6:24  Roach  
  41  6:38  Lair  
  41  6:48  Overlord  
  41  6:49  Overlord x2  
  41  7:06  Queen  
  41  7:07  Roach  
  41  7:08  Roach x3  
  51  7:13  Pneumatized Carapace  
  51  7:18  Roach  
  51  7:22  Roach  
  55  7:24  Drone  
  56  7:31  Zergling x2  
  56  7:32  Zergling x4  
  55  7:46  Zergling x12  
  60  7:55  Zergling x2  
  60  7:56  Zergling x4  
  57  8:04  Roach x2  
  53  8:13  Roach  
  53  8:14  Roach x2  
  57  8:22  Drone x2  
  57  8:23  Drone  
  54  8:31  Roach x2  
  58  8:39  Roach  
  60  8:48  Drone  
  60  8:49  Drone x4  
  65  8:57  Drone  
  65  9:01  Overlord x2  
  66  9:10  Glial Reconstitution  
  66  9:19  Queen  
  66  9:20  Extractor, Drone x3  
  66  9:21  Drone  
  71  9:36  Drone x3  
  71  9:37  Drone x5  
  79  9:40  Extractor  
  79  9:42  Extractor  
  77  9:49  Hydralisk Den  
  77  9:50  Overlord x2  
  76  10:05  Overlord x4  
  76  10:13  Zergling x10  
  73  10:41  Hydralisk x2  
  73  10:42  Hydralisk x4  
  55  10:50  Zergling x4  
  55  10:51  Zergling x6  
  57  11:01  Zergling x6  
  60  11:06  Lurker Den  
  60  11:12  Extractor  
  60  11:14  Extractor  
  60  11:17  Zergling x6  
  60  11:18  Zergling x4  
  63  11:28  Roach x5  
  68  11:35  Roach  
  68  11:36  Roach x2  
  71  11:42  Zergling x2  
  71  11:43  Zergling x8  
  70  11:52  Roach x2  
  70  11:53  Roach x2  
  70  12:04  Roach x3  
  76  12:16  Drone x4  
  76  12:21  Drone  
  81  12:33  Muscular Augments  
  77  12:40  Overseer x3  
  77  12:41  Overseer x2  
  72  12:58  Hydralisk x2  
  72  12:59  Hydralisk x2  
  74  13:14  Drone x3  
  74  13:15  Drone x3  
  76  13:22  Drone  
  76  13:40  Drone x5  
  66  13:50  Drone  
  66  13:51  Drone  
  64  14:12  Lurker x2  
  64  14:13  Lurker x2  
  68  14:38  Extractor  
  67  14:42  Hydralisk x2  
  67  14:43  Hydralisk  
  73  14:59  Drone x6  
  79  15:08  Drone x2  
  81  15:16  Queen  
  83  15:25  Lurker x2  
  83  15:26  Lurker  
  86  15:30  Lurker  
  86  15:31  Lurker  
  88  16:04  Evolution Chamber  
  88  16:05  Evolution Chamber x2  
  78  16:22  Roach x4  
  78  16:23  Roach x2  
  70  16:49  Roach  
  61  17:21  Drone x2  
Show
View Real Time Build Order
Export as new Build Order

Fropez Protoss - Winner!

Build Orders:  

Get SALT Encoding   

  12  0:01  Probe (Chrono Boost)  
  13  0:13  Pylon  
  13  0:18  Probe (Chrono Boost)  
  14  0:32  Gateway  
  14  0:34  Probe (Chrono Boost)  
  15  0:45  Probe (Chrono Boost)  
  15  0:49  Assimilator  
  16  0:55  Probe (Chrono Boost)  
  17  0:58  Pylon  
  17  1:06  Probe (Chrono Boost)  
  18  1:16  Probe (Chrono Boost)  
  19  1:20  Cybernetics Core  
  19  1:27  Probe (Chrono Boost)  
  20  1:34  Pylon  
  20  1:37  Probe (Chrono Boost)  
  20  1:39  Assimilator  
  21  1:57  Twilight Council, Probe (Chrono Boost)  
  22  2:08  Probe (Chrono Boost), Warp Gate (Chrono Boost)  
  23  2:16  Gateway  
  24  2:28  Mothership Core  
  25  2:30  Adept  
  25  2:35  Pylon  
  27  2:39  Pylon  
  27  2:49  Resonating Glaives, Probe  
  28  3:01  Probe  
  29  3:07  Pylon  
  29  3:15  Pylon  
  29  3:18  Pylon  
  29  3:26  Pylon  
  29  3:32  Pylon  
  29  3:34  Pylon  
  29  3:36  Pylon  
  29  3:40  Probe  
  29  4:00  Gateway  
  29  4:02  Gateway  
  29  4:03  Gateway  
  29  4:09  Adept  
  29  4:13  Probe  
  30  4:22  Adept  
  32  4:25  Probe  
  33  4:37  Probe  
  34  4:42  Adept  
  36  5:09  Adept x2  
  38  5:16  Gateway  
  34  5:23  Nexus, Probe  
  34  5:28  Forge  
  33  5:55  Adept x2  
  33  5:56  Adept x3  
  43  6:03  Protoss Ground Weapons Level 1 (Chrono Boost)  
  39  6:21  Gateway  
  39  6:23  Gateway  
  39  6:24  Adept x2  
  43  6:27  Probe  
  43  6:32  Zealot  
  46  6:49  Charge (Chrono Boost)  
  46  6:53  Assimilator  
  46  6:56  Assimilator  
  46  6:58  Mothership Core  
  48  7:10  Sentry  
  48  7:11  Sentry x2  
  48  7:13  Zealot  
  56  7:17  Adept  
  48  8:08  Protoss Ground Weapons Level 2  
  42  8:25  Adept x5  
  48  8:39  Robotics Facility  
  44  8:41  Robotics Facility  
  44  8:43  Probe  
  44  8:46  Photon Cannon  
  44  8:47  Nexus  
  44  8:48  Photon Cannon  
  45  8:50  Pylon  
  45  9:00  Blink (Chrono Boost)  
  45  9:13  Pylon  
  45  9:20  Pylon  
  45  9:29  Warp Prism  
  47  9:41  Warp Prism  
  49  10:06  Immortal  
  53  10:10  Photon Cannon  
  53  10:11  Probe  
  54  10:17  Stalker x2  
  58  10:41  Adept x3  
  58  10:42  Adept x3  
  70  10:53  Probe  
  71  10:58  Probe  
  71  11:02  Assimilator  
  72  11:04  Assimilator  
  72  11:07  Photon Cannon  
  72  11:11  Probe  
  72  11:13  Pylon, Probe  
  74  11:18  Pylon  
  74  11:22  Immortal  
  56  12:11  Templar Archives  
  56  12:13  Adept x6, Pylon  
  56  12:14  Adept  
  56  12:42  Zealot  
  56  12:43  Zealot x3  
  64  12:56  Adept x3  
  62  13:26  Zealot x2  
  62  13:27  Zealot x4  
  62  13:28  Zealot  
  66  13:52  Gateway  
  66  13:53  Gateway  
  56  13:56  Gateway x2  
  56  14:00  Gateway  
  54  14:08  Pylon  
  54  14:10  Pylon  
  54  14:15  Nexus  
  54  14:17  Assimilator  
  54  14:19  Immortal x2 (Chrono Boost)  
  54  14:22  Assimilator  
  62  14:25  Pylon  
  62  14:27  Protoss Ground Weapons Level 3 (Chrono Boost)  
  62  14:28  Pylon  
  62  14:30  Pylon  
  62  14:35  Pylon  
  62  14:41  Pylon  
  62  14:44  Pylon  
  62  14:45  Pylon  
  62  14:55  Immortal (Chrono Boost)  
  62  14:59  Immortal  
  70  15:02  Probe  
  71  15:12  Pylon  
  71  15:15  Pylon  
  71  15:18  Pylon  
  71  15:24  Probe  
  72  15:43  Adept x4  
  72  15:44  Adept x2  
  72  15:47  Adept  
  86  15:50  Probe  
  86  15:51  Probe  
  88  15:59  High Templar x2  
  88  16:00  High Templar x2  
  88  16:03  Archon  
  88  16:04  Archon  
  96  16:25  Adept x3  
  98  16:26  Adept x4  
  82  16:55  Stargate  
  82  16:56  Stargate  
  82  16:59  Stargate x2  
  78  17:09  Nexus  
  74  17:28  Probe  
  74  17:29  Probe  
  75  17:30  Probe x2  
Tags
 
Composition
Lurkers
Matchup
PvZ
Replay Pack
All Mines
Spawn Locations
Cross Positions
Add a new tag
Caveats
  • Supply blocks, unpowered buildings, or Contaminate may cause inaccurate times.
  • Supply counts are checked every 10 seconds.